 Dungeon Crawl Stone Soup version 0.18.1-50-g88ac8fd (webtiles) character file.

118 dynamoDes the Magician (level 4, -1/24 HPs)
             Began as a Deep Elf Earth Elementalist on Feb 17, 2017.
             Was an Initiate of Sif Muna.
             Slain by a worker ant (3 damage)
             ... on level 4 of the Dungeon on Feb 18, 2017.
             The game lasted 00:15:52 (2932 turns).

dynamoDes the Magician (DEEE)                       Turns: 2932, Time: 00:15:53

Health: -1/24      AC:  2    Str:  6    XL:     4   Next: 72%
Magic:  6/12       EV: 13    Int: 20    God:    Sif Muna [......]
Gold:   138        SH:  3    Dex: 15    Spells: 2 memorised, 7 levels left

rFire  . . .     SeeInvis .     b - 17 stones
rCold  . . .     Gourm    .     e - +0 robe
rNeg   . . .     Faith    .     m - +0 buckler
rPois  .         Spirit   .     (no helmet)
rElec  .         Dismiss  .     (no cloak)
rCorr  .         Reflect  .     (no gloves)
SustAt .         Harm     .     (no boots)
MR     .....                    (no amulet)
Stlth  ++........               (no ring)
                                (no ring)

@: lethally poisoned (-1 -> -8), very slightly contaminated, not resistant to
hostile enchantments, unstealthy
A: no striking features
a: Renounce Religion


You were on level 4 of the Dungeon.
You worshipped Sif Muna.
Sif Muna was noncommittal.
You were not hungry.

You visited 1 branch of the dungeon, and saw 4 of its levels.

You collected 138 gold pieces.

Inventory:

Hand Weapons
 a - a +0 dagger
Missiles
 b - 17 stones (in hand)
 o - 18 poisoned needles
Armour
 e - a +0 robe (worn)
 m - a +0 buckler (worn)
Jewellery
 k - an uncursed ring of ice
Scrolls
 p - 2 scrolls of recharging
 q - a scroll of remove curse
 r - a scroll of enchant armour {unknown}
 t - a scroll of magic mapping {unknown}
Potions
 g - a potion of magic {unknown}
 h - a potion of lignification {unknown}
 i - a potion of flight
 j - a potion of ambrosia
 l - a potion of haste {unknown}
 s - a potion of cure mutation {unknown}
 u - a potion of mutation {unknown}
Books
 c - a book of Geomancy

   Spells                             Type                      Level
   a - Sandblast                      Earth                        1
   b - Passwall                       Transmutation/Earth          2
   c - Stone Arrow                    Conjuration/Earth            3
   d - Petrify                        Transmutation/Earth          4
   e - Lee's Rapid Deconstruction     Earth                        5
Comestibles
 d - 2 bread rations
 n - 3 meat rations


   Skills:
 + Level 3.9 Dodging
 + Level 3.3 Stealth
 - Level 4.2 Spellcasting
 + Level 0.2 Conjurations
   Level 1.1 Transmutations
 + Level 4.2 Earth Magic


You had 7 spell levels left.
You knew the following spells:

 Your Spells              Type           Power        Failure   Level  Hunger
a - Sandblast             Erth           ###...       4%          1    None
b - Stone Arrow           Conj/Erth      ##....       28%         3    ###....


Dungeon Overview and Level Annotations

Branches:
Dungeon (4/15)
 Temple: D:4-7

Altars:
Elyvilon
Nemelex Xobeh
Sif Muna


Message History

The worker ant closely misses you.
Casting: Sandblast
Confirm with . or Enter, or press ? or * to list all spells.
Aiming: Sandblast
Press: ? - help, Shift-Dir - straight line, f/p - worker ant
Aim: a worker ant (almost dead)
The rocky blast hits the worker ant.
The worker ant is almost dead.
You feel sick. The worker ant bites you!
* * * LOW HITPOINT WARNING * * *
Casting: Sandblast
Confirm with . or Enter, or press ? or * to list all spells.
Aiming: Sandblast
Press: ? - help, Shift-Dir - straight line, f/p - worker ant
Aim: a worker ant (almost dead)
The rocky blast hits the worker ant.
The worker ant is almost dead.
* * * LOW HITPOINT WARNING * * *
You feel sick. The worker ant bites you.
You die...

... #.#.........
.... .#..........
#...##%..≈≈≈.....
#......≈≈≈≈≈..#.
#......≈≈♣≈≈....
#......≈≈≈≈≈..#
...##♣...≈≈≈...♣
. ♣♣..a?...♣♣
♣♣.@...♣♣ ♣♣...♣♣
♣♣.....♣♣
♣♣.......♣♣
♣...≈≈≈...♣
♣♣..≈≈≈≈≈..♣♣
♣...≈≈_≈≈...♣
♣♣..≈≈≈≈≈..♣♣
♣...≈≈≈...♣


You could see a worker ant.

Vanquished Creatures
  An iguana (D:3)
  2 adders
  An ooze (D:3)
  2 worms
  2 dart slugs
  2 giant geckos (D:1)
  3 orcs (D:3)
  2 ball pythons (D:3)
  2 giant cockroaches
  9 goblins
  4 hobgoblins
  A quokka (D:3)
  4 bats
  3 giant newts
  7 kobolds
  12 rats
57 creatures vanquished.

Notes
Turn   | Place    | Note
--------------------------------------------------------------
     0 | D:1      | dynamoDes the Deep Elf Earth Elementalist began the quest for the Orb.
     0 | D:1      | Reached XP level 1. HP: 10/10 MP: 6/6
   289 | D:1      | Reached XP level 2. HP: 15/15 MP: 6/8
   893 | D:1      | You fall through a shaft!
   977 | D:2      | Found a faded altar to an unknown god.
   981 | D:2      | Found a deep blue altar of Sif Muna.
   990 | D:2      | Became a worshipper of Sif Muna the Loreminder
  1039 | D:2      | Reached XP level 3. HP: 19/19 MP: 10/10
  1515 | D:2      | Learned a level 3 spell: Stone Arrow
  2417 | D:3      | Reached XP level 4. HP: 24/24 MP: 9/11
  2672 | D:3      | Found a sparkling altar of Nemelex Xobeh.
  2903 | D:4      | Found a white marble altar of Elyvilon.
  2932 | D:4      | Slain by a worker ant

Skill      XL: |  1  2  3  4 |
---------------+-------------+-----
Dodging        | 3 |  3.9
Stealth        | 3 |  3.3
Earth Magic    | 4 |  4.2
Spellcasting   | 4 |  4.2
Conjurations   | |  0.2
Transmutations | |  1.1

Action                   |  1- 3 |  4- 6 || total
-------------------------+-------+-------++-------
Melee: Dagger            |    66 |     2 ||    68
 Cast: Sandblast         |    63 |    26 ||    89
  Use: Scroll            |     8 |       ||     8
 Stab: Sleeping          |    10 |       ||    10
  Eat: Chunk             |     5 |     1 ||     6
Armor: Robe              |    15 |     2 ||    17
Dodge: Dodged            |    57 |     9 ||    66
Block: Buckler           |     9 |     1 ||    10
